 Dungeon Crawl Stone Soup version 0.17-a0-1923-gc35365e (webtiles) character file.

98 derrpe the Sneak (level 4, -2/21 HPs)
             Began as a Spriggan Enchanter on Sept 28, 2015.
             Slain by a worm (10 damage)
             ... on level 2 of the Dungeon on Sept 29, 2015.
             The game lasted 00:06:54 (2442 turns).

derrpe the Sneak (Spriggan Enchanter)               Turns: 2442, Time: 00:06:55

Health: -2/21      AC:  3    Str:  4    XL:     4   Next: 43%
Magic:  1/9        EV: 18    Int: 17    God:
Gold:   13         SH:  0    Dex: 16    Spells: 2 memorised, 6 levels left

rFire  . . .     SeeInvis +     a - +1 dagger
rCold  . . .     Clarity  .     b - +1 robe
rNeg   . . .     SustAt   .     (shield restricted)
rPois  .         Gourm    .     (helmet restricted)
rElec  .         Spirit   .     (no cloak)
rCorr  .         Warding  .     (gloves unavailable)
rMut   .         Stasis   .     (boots unavailable)
MR     .....                    (no amulet)
Stlth  +++.......               (no ring)
                                (no ring)

@: very slightly contaminated, very quick, not resistant to hostile
enchantments, fairly stealthy
A: unfitting armour, see invisible, herbivore 3, speed 3, slow metabolism 2
a: no special abilities


You were on level 2 of the Dungeon.
You were hungry.

You visited 1 branch of the dungeon, and saw 2 of its levels.

You collected 13 gold pieces.

Inventory:

Hand weapons
 a - a +1 dagger (weapon)
Armour
 b - a +1 robe (worn)
Scrolls
 e - 3 scrolls of identify {unknown}
 g - a scroll of amnesia {unknown}
 k - a scroll of immolation {unknown}
Potions
 h - a potion of flight {unknown}
 i - a potion of invisibility {unknown}
 j - a potion of curing {unknown}
 l - a potion of resistance {unknown}
 m - a potion of cancellation {unknown}
Books
 c - a book of Maledictions

   Spells                             Type                      Level
   a - Corona                         Hexes                        1
   b - Ensorcelled Hibernation        Hexes/Ice                    2
   c - Confuse                        Hexes                        3
   d - Tukima's Dance                 Hexes                        3
   e - Dazzling Spray                 Conjuration/Hexes            3
Comestibles
 d - a bread ration {@e1}
 f - a slice of pizza


   Skills:
 - Level 1.1 Short Blades
 - Level 3.0 Dodging
 + Level 5.5 Stealth
 - Level 3.0 Spellcasting
 * Level 5.0 Hexes
 * Level 1.4 Ice Magic


You had 6 spell levels left.
You knew the following spells:

 Your Spells              Type           Power        Failure   Level  Hunger
a - Corona                Hex            ###....      2%          1    None
b - Ensorcelled Hibernat  Hex/Ice        ##....       10%         2    ##.....


Dungeon Overview and Level Annotations

Branches:
Dungeon (2/15)

Altars:
Xom


Innate Abilities, Weirdness & Mutations

You are tiny and cannot use many weapons and most armour.
You have supernaturally acute eyesight.
You are a herbivore.
You cover ground extremely quickly.
You need consume almost no food.


Message History

The worm resists with significant effort.
The worm bites you!
You hit the worm.
The worm is moderately wounded.
Casting: Ensorcelled Hibernation
Confirm with . or Enter, or press ? or * to list all spells.
Aiming: Ensorcelled Hibernation
Press: ? - help, Shift-Dir - straight line, f/p - worm
Aim: a worm (moderately wounded, chance to defeat MR: 52%)
The worm resists with significant effort.
The worm bites you.
Casting: Ensorcelled Hibernation
Confirm with . or Enter, or press ? or * to list all spells.
Aiming: Ensorcelled Hibernation
Press: ? - help, Shift-Dir - straight line, f/p - worm
Aim: a worm (moderately wounded, chance to defeat MR: 52%)
The worm resists with significant effort.
You are feeling hungry.
The worm bites you!
You die...

#.# ......##....#.#....#
#.# ............#.####†#
#.# ...............# #.#
#.# #+#.....#....### #.#
#.# #.#....<.......# #.#
..#####.########.....# #.#
..w..................###.#
..#####.#######........#†#
..+.............@w(..#.#.#
..#######.#####.##.......#
..+.......#
#.#.#.#.#######
..#########
#.#............ ..#
#.#.#..#.###### ### #.#
#......... #.# #.....###.
#.# #.......# #.......#


You could see a worm.

Vanquished Creatures
  4 gnolls (D:2)
  An adder (D:2)
  2 giant geckos (D:1)
  An orc (D:1)
  5 bats
  5 giant cockroaches (D:1)
  7 goblins
  8 hobgoblins
  3 kobolds
  2 quokkas (D:2)
  2 giant newts
  3 jackals (D:1)
  4 rats
47 creatures vanquished.

Notes
Turn   | Place    | Note
--------------------------------------------------------------
     0 | D:1      | derrpe the Spriggan Enchanter began the quest for the Orb.
     0 | D:1      | Reached XP level 1. HP: 9/9 MP: 5/5
   110 | D:1      | Found a shimmering altar of Xom.
   398 | D:1      | Reached XP level 2. HP: 11/13 MP: 5/7
   420 | D:1      | Learned a level 2 spell: Ensorcelled Hibernation
   954 | D:1      | Reached XP level 3. HP: 16/16 MP: 6/8
  1097 | D:1      | Reached skill level 5 in Stealth
  1816 | D:2      | Reached skill level 1 in Ice Magic
  1890 | D:2      | Reached XP level 4. HP: 18/21 MP: 2/9
  2135 | D:2      | Reached skill level 5 in Hexes
  2442 | D:2      | Slain by a worm

Vault maps used:
D:1:      lemuel_arrival_behind_the_door_small, minmay_misc_feat_more_columns,
          xom_teletrap_fun
D:2:      tso_metal_star

Action                   |  1- 3 |  4- 6 || total
-------------------------+-------+-------++-------
Melee: Dagger            |   145 |    28 ||   173
 Cast: Corona            |    29 |       ||    29
       Ensorcelled Hiber |     8 |     9 ||    17
 Stab: Sleeping          |    12 |     2 ||    14
       Distracted        |     1 |       ||     1
